 Dungeon Crawl Stone Soup version 0.19.0-19-g8c6edcc (webtiles) character file.

130 Charly the Chopper (level 4, -4/39 HPs)
             Began as a Minotaur Berserker on Nov 15, 2016.
             Was a Follower of Trog.
             Killed by nerve-wracking pain
             ... invoked by an orc priest
              (13 damage)
             ... on level 5 of the Dungeon.
             The game lasted 00:02:56 (364 turns).

Charly the Chopper (Minotaur Berserker)              Turns: 364, Time: 00:02:57

Health: -4/39      AC:  4    Str: 21    XL:     4   Next: 89%
Magic:  3/3        EV: 12    Int:  4    God:    Trog [*.....]
Gold:   44         SH:  0    Dex: 11    Spells: 0 memorised, 3 levels left

rFire  + . .     SeeInvis .     a - +0 hand axe
rCold  x . .     Gourm    .     b - +0 animal skin
rNeg   . . .     Faith    .     (no shield)
rPois  .         Spirit   .     (helmet restricted)
rElec  .         Reflect  .     s - +0 cloak
rCorr  .         Harm     .     (no gloves)
MR     .....                    h - +0 pair of boots
Stlth  +.........               (no amulet)
                                (no ring)
                                p - ring of fire

@: exhausted, slowed, very slow
A: retaliatory headbutt, horns 2
a: Berserk, Burn Spellbooks, Renounce Religion


You were on level 5 of the Dungeon.
You worshipped Trog.
Trog was aware of your devotion.
You were near starving.

You visited 1 branch of the dungeon, and saw 6 of its levels.

You collected 44 gold pieces.

Inventory:

Hand Weapons
 a - a +0 hand axe (weapon)
Armour
 b - a +0 animal skin (worn)
 h - a +0 pair of boots (worn)
 s - a +0 cloak (worn)
Jewellery
 p - a ring of fire (left hand)
Scrolls
 d - a scroll of blinking {unknown}
 f - 2 scrolls of recharging {unknown}
 j - a scroll of amnesia {unknown}
 k - a scroll of fog {unknown}
 l - a scroll of teleportation {unknown}
 o - a scroll of remove curse {unknown}
Potions
 e - a potion of mutation {unknown}
 g - 2 potions of agility {unknown}
 i - a potion of lignification {unknown}
 m - a potion of cure mutation {unknown}
 n - a potion of heal wounds {unknown}
 q - 2 potions of resistance {unknown}
 r - a potion of berserk rage {unknown}
Comestibles
 c - a bread ration


   Skills:
 - Level 3.6 Fighting
 + Level 6.8 Axes
 - Level 2.4 Armour
 - Level 2.1 Dodging


You had 3 spell levels left.
You didn't know any spells.

Dungeon Overview and Level Annotations

Branches:
Dungeon (6/15)             Temple (0/1) D:5

Altars:
Yredelemnul


Innate Abilities, Weirdness & Mutations

You reflexively headbutt those who attack you in melee.
You have a pair of horns on your head.


Message History

You hit the orc priest. You headbutt the orc priest.
The orc priest is heavily wounded.
You hit the orc. The orc barely misses you.
The orc priest casts a cantrip, but nothing happens.
Unknown command.
Unknown command.
You hit the orc priest.
You headbutt the orc priest, but do no damage.
The orc priest is almost dead.
You hit the orc.
You kill the orc!
Trog accepts your kill.
The orc priest looks braver for a moment.
The orc priest completely misses you.
Unknown command.
You hit the orc priest but do no damage.
The orc priest is almost dead.
The orc priest calls down the wrath of Beogh upon you.
Pain shoots through your body!
You die...

######## ##?.....# . #
.......# .. #........#
..##.#......# #
..........###
#.###.#o........ #
#$.....@o.o..... #
#%.............. .
#.##..#)........ . #.
#....##....#.).$.....
#####.#..##.# ...........#..
......#.###.##..............
........#..$.$.....>........
....... #.##.......[........
.......##.# ##......).....#.


You could see an orc priest, an orc wizard and an orc.

Vanquished Creatures
  A centaur skeleton (D:5)
  An orc priest (D:5)
  Crazy Yiuf (D:5)
  An orc wizard (D:3)
  6 orcs
  A giant cockroach (D:1)
  A goblin (D:1)
  A hobgoblin (D:1)
  A quokka (D:5)
  A bat (D:3)
  A frilled lizard (D:5)
16 creatures vanquished.

Notes
Turn   | Place    | Note
-------+----------+-------------------------------------------
     0 | D:1      | Charly the Minotaur Berserker began the quest for the Orb.
     0 | D:1      | Reached XP level 1. HP: 19/19 MP: 0/0
    50 | D:1      | Reached skill level 4 in Axes
    72 | D:1      | You fall through a shaft!
    81 | D:2      | Found a basalt altar of Yredelemnul.
   119 | D:3      | Noticed an orc wizard
   125 | D:3      | Killed an orc wizard
   125 | D:3      | Reached skill level 5 in Axes
   125 | D:3      | Reached XP level 2. HP: 26/26 MP: 1/1
   125 | D:3      | Reached XP level 3. HP: 31/31 MP: 2/2
   191 | D:5      | Entered Level 5 of the Dungeon
   232 | D:5      | Found a staircase to the Ecumenical Temple.
   290 | D:5      | Found a runed door.
   294 | D:5      | Noticed Crazy Yiuf
   312 | D:5      | Killed Crazy Yiuf
   312 | D:5      | Reached skill level 6 in Axes
   312 | D:5      | Reached XP level 4. HP: 39/39 MP: 3/3
   364 | D:5      | Killed from afar by an orc priest

Skill      XL: |  1  2  3 |
---------------+----------+-----
Axes           | 5 6 |  6.8
Fighting       | |  3.6
Armour         | |  2.4
Dodging        | |  2.1

Action                   |  1- 3 |  4- 6 || total
-------------------------+-------+-------++-------
Melee: Hand axe          |    16 |    13 ||    29
       Headbutt          |     7 |     2 ||     9
Invok: Berserk           |     3 |     1 ||     4
Armor: Animal skin       |     2 |       ||     2
Dodge: Dodged            |     5 |     5 ||    10
